 Dungeon Crawl Stone Soup version 0.30-a0-728-gc68057be0a (webtiles) character file.

Game seed: 4215799645202619635

333 octoduck the Digger (level 6, 0/32 HPs)
             Began as a Gargoyle Earth Elementalist on Jan 31, 2023.
             Was an Initiate of Ashenzari.
             Slain by an ogre
             ... wielding a +0 giant club
              (12 damage)
             ... on level 4 of the Dungeon.
             The game lasted 00:14:18 (4821 turns).

octoduck the Digger (Gargoyle Earth Elementalist)   Turns: 4821, Time: 00:14:19

Health: 0/32       AC: 11    Str: 12    XL:     6   Next: 52%
Magic:  5/9        EV: 12    Int: 17    God:    Ashenzari [......]
Gold:   111        SH:  0    Dex: 14    Spells: 3/9 levels left

rFire   . . .      SeeInvis .    d - +2 short sword (flame)
rCold   . . .      Faith    .    (no shield)
rNeg    + . .      Spirit   .    a - +1 robe
rPois   ∞          Reflect  .    (no helmet)
rElec   +          Harm     .    (no cloak)
rCorr   .          Rampage  .    o - +0 pair of gloves
Will    .....                    q - +2 pair of boots of Ashenzari's Disgust {Dex+4, Cun, Melee} (curse)
Stlth   ++                       p - amulet of regeneration
HPRegen 1.05/turn                (no ring)
MPRegen 0.11/turn                (no ring)

@: studying Shields
A: sickness immunity, AC +4, negative energy resistance 1, electricity
resistance, torment resistance 1, petrification resistance
a: Renounce Religion, Shatter the Chains


You were on level 4 of the Dungeon.
You worshipped Ashenzari.
Ashenzari was noncommittal.
You visited 1 branch of the dungeon, and saw 4 of its levels.

You collected 221 gold pieces.
You spent 110 gold pieces at shops.

Inventory:

Hand Weapons
 c - a +0 dagger
 d - a +2 short sword of flaming (weapon)
 s - a +3 morningstar
Missiles
 h - 2 poisoned darts
Armour
 a - a +1 robe (worn)
 i - a +0 leather armour
 o - a +0 pair of gloves (worn)
 q - the cursed +2 pair of boots of Ashenzari's Disgust (worn) {Dex+4, Cun, Melee}
   (You found it on level 4 of the Dungeon)

   Dex:       It affects your dexterity (+4).
   It has a curse which improves the following skills: Cunning: Dodging and
   Stealth.
   Melee Combat: Short Blades, Long Blades, Axes, Maces & Flails, Polearms,
   Staves and Unarmed Combat.
Jewellery
 p - an amulet of regeneration (around neck)
Scrolls
 g - a scroll of immolation {unknown}
 r - a scroll of teleportation
Potions
 b - a potion of magic
 e - 2 potions of lignification
 f - a potion of invisibility
 j - 2 potions of curing
 k - a potion of heal wounds
 l - a potion of attraction {unknown}
 m - a potion of flight {unknown}
 n - a potion of haste {unknown}


   Skills:
 - Level 1.5(1.9) Dodging
 - Level 2.1(2.5) Stealth
 - Level 2.0 Spellcasting
 + Level 3.8 Conjurations
 - Level 0.7 Transmutations
 + Level 7.3 Earth Magic


You had 3 spell levels left.
You knew the following spells:

 Your Spells              Type           Power      Damage    Failure   Level
a - Sandblast             Erth           52%        2d12      1%          1
b - Stone Arrow           Conj/Erth      40%        3d9       6%          3
c - Passwall              Tmut/Erth      12%        N/A       5%          2

Your spell library contained the following spells:

 Spells                   Type           Power      Damage    Failure   Level
 Ensorcelled Hibernation  Hex/Ice        2%         N/A       28%         2
 Swiftness                Air            1%         N/A       50%         3
 Petrify                  Tmut/Erth      15%        N/A       36%         4


Dungeon Overview and Level Annotations

Branches:
Dungeon (4/15)             Temple (0/1) D:4

Altars:
Ashenzari
Elyvilon
Gozag
Kikubaaqudgha
Trog
Uskayaw

Shops:
D:1 (   D:4 *


Innate Abilities, Weirdness & Mutations

You are immune to sickness and miasma.
Your stone body is resilient. (AC +4)
You are immune to poison.
You resist negative energy. (rN+)
You are resistant to electric shocks. (rElec)
You are resistant to unholy torment.
You are immune to petrification.


Message History

A gnoll comes into view. It is wielding a +0 flail.
The gnoll shouts!
There is a large open door here.
Casting: Sandblast (safe; 1% risk of failure)
Confirm with . or Enter, or press ? or * to list all spells.
Aiming: Sandblast (safe; 1% risk of failure)
Press: ? - help, Shift-Dir - straight line, f - gnoll
Aim: a gnoll, wielding a +0 whip (85% to hit)
The blast of sand hits the gnoll!!
You kill the gnoll!
Casting: Sandblast (safe; 1% risk of failure)
Confirm with . or Enter, or press ? or * to list all spells.
Aiming: Sandblast (safe; 1% risk of failure)
Press: ? - help, Shift-Dir - straight line, f - gnoll
Aim: a gnoll, wielding a +0 club (85% to hit)
The blast of sand misses the gnoll.
The gnoll hits you but does no damage.
Casting: Sandblast (safe; 1% risk of failure)
Confirm with . or Enter, or press ? or * to list all spells.
Aiming: Sandblast (safe; 1% risk of failure)
Press: ? - help, Shift-Dir - straight line, f/p - gnoll
Aim: a gnoll, wielding a +0 club (85% to hit)
The blast of sand hits the gnoll!
The gnoll is severely wounded.
An orc comes into view. It is wielding a +0 short sword.
The gnoll closely misses you.
Casting: Sandblast (safe; 1% risk of failure)
Confirm with . or Enter, or press ? or * to list all spells.
Aiming: Sandblast (safe; 1% risk of failure)
Press: ? - help, Shift-Dir - straight line, f/p - gnoll
Aim: a gnoll, wielding a +0 club (severely wounded, 85% to hit)
The blast of sand misses the gnoll.
The orc shouts!
You hear a shout! x3
The gnoll hits you but does no damage.
The ogre hits you with a +0 giant club!!
Ouch! That really hurt!
The gnoll hits you but does no damage. The ogre attacks as you move away!
The ogre misses you.
There is a huge open gate here.
The ogre attacks as you move away! The ogre hits you with a +0 giant club!
You die...

......# #)#.........#.##.#
..##############.#.############.#
.....∩.................)........#
###############..################
.................)...............
~~~~~≈≈~~~~≈~~....~~≈~~~≈~~~~~~~~
≈≈≈≈≈≈≈≈≈≈≈≈≈~.)..~≈≈≈≈≈≈≈≈≈≈~≈≈≈
#~~~≈~≈≈~~~~~....~~~≈~~~≈~≈~~###
#..............@.............# g
#############'gO'############# .
. #)...# .. #....# ... #))..#
##''#######o...########
#...O.....#....#.....gg
'.........'....'..8#
#.........'....'..8#


You could see an ogre, a gnoll and an orc.

Vanquished Creatures
  An orc priest (D:3)
  An iguana (D:4)
  Natasha (twice) (D:4)
  8 gnolls (D:4)
  3 adders
  2 worms
  4 dart slugs
  10 orcs
  9 ball pythons
  4 endoplasms
  3 giant cockroaches
  5 hobgoblins
  10 jackals (D:4)
  8 kobolds
  7 quokkas
  4 bats
  12 frilled lizards
  7 goblins
  3 rats
103 creatures vanquished.

Vanquished Creatures (others)
  3 plants
3 creatures vanquished.

Grand Total: 106 creatures vanquished

Notes
Turn   | Place    | Note
-------+----------+-------------------------------------------
     0 | D:1      | octoduck the Gargoyle Earth Elementalist began the quest
                  | for the Orb.
     0 | D:1      | Reached XP level 1. HP: 10/10 MP: 3/3
    74 | D:1      | Reached skill level 4 in Earth Magic
   189 | D:1      | Reached XP level 2. HP: 15/15 MP: 3/5
   690 | D:1      | Found Takhotaq's Antique Weapon Boutique.
   893 | D:1      | Reached XP level 3. HP: 19/19 MP: 3/6
  1019 | D:2      | Reached skill level 5 in Earth Magic
  1275 | D:1      | Learned a level 3 spell: Stone Arrow
  1278 | D:1      | Learned a level 2 spell: Passwall
  1344 | D:2      | Reached XP level 4. HP: 24/24 MP: 5/7
  1945 | D:3      | Found an opulent altar of Gozag.
  2164 | D:3      | Reached skill level 1 in Conjurations
  2213 | D:3      | Reached skill level 6 in Earth Magic
  2377 | D:3      | Reached XP level 5. HP: 28/28 MP: 6/8
  2422 | D:3      | Found a white marble altar of Elyvilon.
  2689 | D:3      | Found a hide-covered altar of Uskayaw.
  2711 | D:3      | Found an ancient bone altar of Kikubaaqudgha.
  2755 | D:3      | Found a broken altar of Ashenzari.
  2765 | D:3      | Became a worshipper of Ashenzari the Shackled
  2774 | D:3      | Found a bloodstained altar of Trog.
  2974 | D:4      | Found a staircase to the Ecumenical Temple.
  3000 | D:4      | Found Vunnebli's Assorted Antiques.
  3005 | D:4      | Bought a twisted blue amulet for 110 gold pieces
  3408 | D:4      | Noticed Natasha
  3433 | D:4      | Killed Natasha
  3739 | D:4      | Reached XP level 6. HP: 32/32 MP: 7/9
  3816 | D:4      | Identified the +2 pair of boots of Xiycs {Dex+4}
  4336 | D:4      | Noticed Natasha
  4355 | D:4      | Killed Natasha
  4356 | D:4      | Reached skill level 7 in Earth Magic
  4821 | D:4      | Slain by an ogre

Illustrated notes

Levels and vault maps discovered:
D:1:      saegor_arrival_under_anarchy, layout_basic, serial_shops,
          nicolae_shop_competitors_out_of_business, minmay_misc_feat_x,
          grunt_decor_mini_mirrors, nrook_mini_vaults
D:2:      layout_rooms, minmay_lizard_pond
D:3:      layout_basic, grunt_gozag_statues, nicolae_elyvilon_temple_path,
          nicolae_overflow_quartered_altars
D:4:      lemuel_castle_with_subvaults [lemuel_castle_interior_carwin_2],
          layout_basic, minmay_temple_entry_statues, serial_shops, shop,
          uniq_natasha

Skill      XL: |  1  2  3  4  5  6 |
---------------+-------------------+-----
Earth Magic    | 4 5 6 7 |  7.3
Conjurations   | 1 3 |  3.8
Dodging        | |  1.5
Stealth        | |  2.1
Spellcasting   | |  2.0
Transmutations | |  0.7

Action                     |  1- 3 |  4- 6 || total
---------------------------+-------+-------++-------
  Melee: Short sword       |     1 |    19 ||    20
   Cast: Sandblast         |    56 |   102 ||   158
 Invoke: Curse Item        |       |     1 ||     1
    Use: Scroll            |     4 |     5 ||     9
 Armour: Robe              |     7 |    23 ||    30
  Dodge: Dodged            |     7 |    32 ||    39

Table legend: (Time is in decaauts)
 A = Elapsed time spent in this place.
 B = Non-inter-level travel time spent in this place.
 C = Inter-level travel time spent in this place.
 D = Time resting spent in this place.
 E = Time spent auto-exploring this place.
 F = Levels seen in this place.
 G = Mean time per level.
                   A        B        C        D        E       F      G
               +--------+--------+--------+--------+--------+-----+--------+
         Total |   4900 |   4509 |    391 |   1085 |   2406 |   4 | 1225.0 |
       Dungeon |   4900 |   4509 |    391 |   1085 |   2406 |   4 | 1225.0 |
               +--------+--------+--------+--------+--------+-----+--------+

Top non-repeatable levels by time:
     D:4: 2007 daAuts
     D:1: 1086 daAuts
     D:3: 973 daAuts
     D:2: 833 daAuts
